 Dungeon Crawl Stone Soup version 0.20-a0-910-gb611367 (webtiles) character file.

6979 Duffy the Cleaver (level 11, 0/90 HPs)
             Began as a Naga Fighter on Mar 23, 2017.
             Was a High Priest of Jiyva.
             Slain by a chaos spawn (3 damage)
             ... on level 2 of the Abyss.
             The game lasted 00:13:59 (11907 turns).

Duffy the Cleaver (Naga Fighter)                   Turns: 11907, Time: 00:14:00

Health: 0/90       AC: 12    Str: 23    XL:     11   Next: 8%
Magic:  2/15       EV:  1    Int:  9    God:    Jiyva [*****.]
Gold:   305        SH:  0    Dex:  9    Spells: 10/10 levels left

rFire    . . .     SeeInvis +   a - +3 war axe (chop)
rCold    . . .     Gourm    .   t - +0 plate armour
rNeg     + + +     Faith    .   c - +0 shield
rPois    ∞         Spirit   .   m - +0 helmet
rElec    .         Reflect  +   (no cloak)
rCorr    +         Harm     .   q - +1 pair of gloves
MR       +....                  (no barding)
Stlth    ..........             B - +4 amulet of reflection
Regen    0.3/turn               (no ring)
MPRegen  0.2/turn               (no ring)

@: petrified, slimy, very slow
A: large bone plates 1, camouflage 1, see invisible, deformed body, poison
resistance, slowness 2, slow metabolism 1, spit poison 1, tendrils, AC +3
a: Spit Poison, Request Jelly, Slimify, Cure Bad Mutation, Renounce Religion


You were on level 2 of the Abyss.
You worshipped Jiyva.
Jiyva was extremely pleased with you.
You were completely stuffed.

You visited 2 branches of the dungeon, and saw 12 of its levels.
You visited the Abyss 1 time.

You collected 305 gold pieces.

Inventory:

Hand Weapons
 a - a +3 war axe of chopping (weapon)
 w - a +0 flail
 G - a +0 war axe
Missiles
 F - a throwing net (quivered)
Armour
 c - a +0 shield (worn)
 m - a +0 helmet (worn)
 q - a +1 pair of gloves (worn)
 t - a +0 plate armour (worn)
 C - a +3 ring mail
Jewellery
 b - an uncursed amulet of rage
 B - a +4 amulet of reflection (around neck)
Wands
 r - a wand of polymorph (11/24)
 y - a wand of flame (7/48)
 D - a wand of lightning (11/15)
Scrolls
 e - 5 scrolls of immolation
 h - a scroll of fog {unknown}
 k - 5 scrolls of remove curse
 o - a scroll of amnesia {unknown}
 p - 3 scrolls of fear
 z - 5 scrolls of teleportation
Potions
 d - 2 potions of might
 j - a potion of agility
 l - a potion of resistance {unknown}
 n - 3 potions of curing
 s - a potion of lignification
 x - a potion of berserk rage {unknown}
 A - 3 potions of heal wounds {unknown}
 E - 2 potions of mutation {unknown}
Comestibles
 f - 6 bread rations
 g - 2 fruits
 i - 5 meat rations
 u - 2 royal jellies


   Skills:
 + Level 3.0 Fighting
 + Level 10.9 Axes
 + Level 2.4 Armour
 - Level 9.5 Shields
 - Level 6.5 Evocations


You had 10 spell levels left.
You didn't know any spells.

Dungeon Overview and Level Annotations

Branches:
Dungeon (11/15)            Temple (1/1) D:7
   Lair: D:8-11         Orc: D:9-12

Altars:
Ashenzari
Cheibriados
Dithmenos
Elyvilon
Fedhas
Gozag
Hepliaklqana
Kikubaaqudgha
Makhleb
Nemelex Xobeh
Okawaru
Qazlal
Ru
Sif Muna
Trog
Uskayaw
Vehumet
Wu Jian
Xom
Yredelemnul
Zin
The Shining One
Jiyva


Innate Abilities, Weirdness & Mutations

You cannot wear boots.
Your serpentine skin is tough. (AC +3)
You have supernaturally acute eyesight. (SInv)
Armour fits poorly on your strangely shaped body.
Your system is resistant to poisons. (rPois)
You cover ground very slowly.
You have a slow metabolism.
You can spit poison.
You are partially covered in large bone plates. (SH +4)
Your skin changes colour to match your surroundings (Stealth+).
You are covered in slimy tendrils that may disarm your opponents.


Message History

You barely miss the chaos spawn.
The chaos spawn gores you but does no damage. x4
You have turned to stone.
The chaos spawn hits you but does no damage.
The chaos spawn gores you.
You feel your power leaking away. The chaos spawn hits you.
You feel your power leaking away. The chaos spawn hits you!
The chaos spawn freezes you! The chaos spawn completely misses you.
The chaos spawn gores you! The chaos spawn shocks you.
The chaos spawn gores you. The chaos spawn freezes you!
The chaos spawn gores you! The chaos spawn freezes you!
The chaos spawn hits you.
You briefly vibrate.
The chaos spawn barely misses you. The chaos spawn hits you!
You are engulfed in flames!
The chaos spawn hits you but does no damage.
The chaos spawn grows dozens of eye stalks in order to get a better look at you.
The chaos spawn hits you.
You die...

.~ #.
##.
.~ #.
##.##
#$44#
#@#
###


You could see 2 chaos spawn.

Vanquished Creatures
  3 two-headed ogres (D:10)
  Joseph (D:7)
  A gargoyle (D:10)
  A merfolk (D:9)
  A troll (D:10)
  3 hippogriffs
  The ghost of DEFE the Ducker, an amateur DEAK of Lugonu (D:4)
  A wyvern (D:8)
  A hungry ghost (D:9)
  Duvessa (D:6)
  4 orc warriors
  2 sky beasts
  A black bear (D:7)
  3 necrophages
  2 phantoms
  3 centaurs
  2 bullfrogs
  A water moccasin zombie (D:3)
  3 scorpions (D:7)
  Dowan (D:6)
  A water moccasin skeleton (D:4)
  3 killer bees (D:7)
  4 wights
  A crimson imp (D:8)
  A centaur skeleton (D:4)
  2 orc priests
  3 hounds
  A jelly (D:5)
  12 orc wizards
  2 bullfrog skeletons
  An iguana (D:9)
  8 worker ants
  A gnoll (D:7)
  4 adders
  4 shadow imps
  2 adder skeletons
  3 worms
  4 dart slugs
  12 leopard geckos
  32 orcs
  8 giant cockroaches
  7 goblins
  7 hobgoblins
  9 jackals
  5 kobolds
  5 quokkas
  A ball python (D:1)
  11 bats
  8 frilled lizards
  A leopard gecko skeleton (D:4)
  A quokka skeleton (D:7)
  A quokka zombie (D:9)
  8 rats
209 creatures vanquished.

Vanquished Creatures (others)
  A wyvern (D:9)
  3 black bears
  An orc warrior (D:8)
  A centaur (D:10)
  12 jellies
  3 bullfrogs
  3 wights (D:8)
  3 crimson imps
  A centaur zombie (D:10)
  2 quasits (D:10)
  A hound (D:8)
  An orc wizard (D:9)
  A hound skeleton (D:9)
  2 adders (D:7)
  4 gnolls (D:7)
  A shadow imp (D:7)
  An adder skeleton (D:9)
  11 orcs
  A giant cockroach (D:8)
  A quokka (D:9)
  A bat (D:1)
  A rat (D:1)
  A spectral orc (D:8)
  A bush (D:5)
58 creatures vanquished.

Grand Total: 267 creatures vanquished

Notes
Turn   | Place    | Note
-------+----------+-------------------------------------------
     0 | D:1      | Duffy the Naga Fighter began the quest for the Orb.
     0 | D:1      | Reached XP level 1. HP: 21/21 MP: 1/1
   109 | D:1      | Reached XP level 2. HP: 16/28 MP: 2/2
  1150 | D:1      | Reached XP level 3. HP: 27/34 MP: 3/3
  1225 | D:2      | Reached skill level 3 in Axes
  2021 | D:3      | Found a sacrificial altar of Ru.
  2182 | D:3      | Reached XP level 4. HP: 42/42 MP: 4/4
  2341 | D:3      | Reached skill level 1 in Evocations
  2341 | D:3      | Reached XP level 5. HP: 39/49 MP: 4/6
  3201 | D:4      | Reached XP level 6. HP: 39/56 MP: 7/7
  3204 | D:4      | Reached skill level 4 in Axes
  3763 | D:4      | Noticed DEFE's ghost (amateur DEAK)
  3790 | D:4      | Killed DEFE's ghost
  3790 | D:4      | Reached XP level 7. HP: 42/62 MP: 9/9
  4355 | D:5      | Entered Level 5 of the Dungeon
  4376 | D:5      | Reached skill level 5 in Axes
  4933 | D:5      | Reached XP level 8. HP: 69/69 MP: 11/11
  5009 | D:5      | Found a glowing silver altar of Zin.
  5009 | D:5      | Found a white marble altar of Elyvilon.
  5010 | D:5      | Found a glowing golden altar of the Shining One.
  5218 | D:5      | Found an ornate altar of the Wu Jian Council.
  5220 | D:5      | Found an iron altar of Okawaru.
  5599 | D:6      | Reached skill level 5 in Shields
  5622 | D:6      | Reached skill level 5 in Evocations
  5787 | D:6      | Noticed Duvessa
  5788 | D:6      | Noticed Dowan
  5798 | D:6      | Killed Dowan
  5808 | D:6      | Killed Duvessa
  5808 | D:6      | Reached skill level 6 in Axes
  6314 | D:7      | Found a stormy altar of Qazlal.
  6641 | D:7      | Found a staircase to the Ecumenical Temple.
  6652 | Temple   | Entered the Ecumenical Temple
  6791 | Temple   | Became a worshipper of Jiyva Jecsiasm the Shapeless
  6809 | D:7      | Found a shimmering altar of Xom.
  6848 | D:7      | Noticed a hippogriff
  6858 | D:7      | Killed a hippogriff
  6974 | D:7      | Reached XP level 9. HP: 75/75 MP: 13/13
  7008 | D:7      | Reached skill level 7 in Axes
  7185 | D:6      | Reached * piety under Jiyva
  7362 | D:7      | Noticed Joseph
  7382 | D:7      | Killed Joseph
  7457 | D:7      | Reached ** piety under Jiyva
  7681 | D:7      | Found a shattered altar of Ashenzari.
  7978 | D:8      | Reached skill level 8 in Axes
  7988 | D:8      | Reached *** piety under Jiyva
  7989 | D:8      | Gained mutation: Your magical capacity is low. (-10% MP) [Jiyva's grace]
  8233 | D:8      | Found a shadowy altar of Dithmenos.
  8302 | D:8      | Found a basalt altar of Yredelemnul.
  8312 | D:8      | Found a hide-covered altar of Uskayaw.
  8384 | D:8      | Reached **** piety under Jiyva
  8494 | D:8      | Gained mutation: You are covered in slimy tendrils that may disarm your opponents. [Jiyva's grace]
  8882 | D:9      | Reached XP level 10. HP: 76/84 MP: 13/13
  8972 | D:9      | Reached skill level 9 in Axes
  9292 | D:9      | Found a burning altar of Makhleb.
  9679 | D:9      | Gained mutation: Your skin changes colour to match your surroundings (Stealth+). [Jiyva's grace]
 10039 | D:10     | Entered Level 10 of the Dungeon
 10040 | D:10     | Noticed a two-headed ogre
 10050 | D:10     | Killed a two-headed ogre
 10234 | D:10     | Noticed a two-headed ogre
 10245 | D:10     | Killed a two-headed ogre
 10245 | D:10     | Reached skill level 10 in Axes
 10281 | D:10     | Reached ***** piety under Jiyva
 10362 | D:10     | Lost mutation: Your magical capacity is low. (-10% MP) [Jiyva's grace]
 10576 | D:10     | Noticed a gargoyle
 10584 | D:10     | Killed a gargoyle
 10775 | D:10     | Noticed a two-headed ogre
 10788 | D:10     | Killed a two-headed ogre
 10788 | D:10     | Reached XP level 11. HP: 52/90 MP: 15/15
 11159 | D:6      | Gained mutation: You are partially covered in large bone plates. (SH +4) [Jiyva's grace]
 11629 | D:6      | Reached ****** piety under Jiyva
 11891 | D:11     | Noticed a wizard
 11896 | D:11     | Cast into level 2 of the Abyss (a wizard)
 11906 | Abyss:2  | HP: 3/90 [chaos spawn (5)]
 11907 | Abyss:2  | Slain by a chaos spawn

Vault maps used:
D:1:      lemuel_arrival_tunnels
D:3:      nicolae_ru_awakened_eye
D:4:      minmay_a_box_with_orc_wizards_in_it
D:5:      good_gods_mini_temple, chequers_temple_overflow_statue_of_worship,
          first_bread, kb_lookout_dungeons_type
D:6:      uniq_duvessa
D:7:      lemuel_crystal_altar, grunt_qazlal_sundering, marbit_many_paths,
          minmay_temple_entry_glassed_door, uniq_joseph
D:8:      lemuel_crystal_altar, yredelemnul_forgotten_temple_becter,
          nicolae_dithmenos_shadow_blocks
D:9:      lemuel_doored_altar, hangedman_fish_farm
D:11:     lair_entry_dummy, david_orc_1_choice, serial_shops,
          nicolae_shop_crystal, grunt_ministairs_6, st_stairs_1,
          bh_hangedman_babel_library
Temple:   pf_slime_end_temple
Abyss:2:  hangedman_cross_veins

Skill      XL: |  1  2  3  4  5  6  7  8  9 10 |
---------------+-------------------------------+-----
Axes           | 3 4 5 6 8 10 | 10.9
Shields        | 3 4 5 7 9 |  9.5
Evocations     | 1 2 3 4 6 |  6.5
Fighting       | |  3.0
Armour         | |  2.4

Action                   |  1- 3 |  4- 6 |  7- 9 | 10-12 || total
-------------------------+-------+-------+-------+-------++-------
Melee: War axe           |   207 |   181 |   348 |   169 ||   905
Invok: Request Jelly     |       |       |       |     3 ||     3
       Slimify           |       |       |       |     1 ||     1
 Abil: Spit Poison       |       |     7 |     9 |       ||    16
       Evoke Berserk Rag |       |     3 |     6 |     5 ||    14
Evoke: Wand              |       |       |     1 |       ||     1
  Use: Scroll            |     3 |     3 |     4 |       ||    10
 Stab: Sleeping          |       |       |       |     1 ||     1
  Eat: Chunk             |     3 |     6 |     9 |     3 ||    21
       Fruit             |       |     1 |       |       ||     1
       Bread ration      |       |       |     2 |       ||     2
Armor: Scale mail        |    53 |       |       |       ||    53
       Plate armour      |    81 |   148 |    39 |    42 ||   310
       Ring mail         |       |       |   125 |     7 ||   132
Dodge: Dodged            |    31 |    10 |    98 |    17 ||   156
Block: Shield            |   127 |   120 |   263 |   101 ||   611
       Reflection        |       |       |     2 |     7 ||     9
